 Dungeon Crawl Stone Soup version 0.26-a0-646-g5d7718319a (webtiles) character file.

Game seed: 15778688848431400201

871767 DogServant the Hoplite (level 27, 0/382 (399) HPs)
             Began as a Demonspawn Berserker on Sept 24, 2020.
             Was the Champion of Trog.
             Slain by a fire dragon (5 damage)
             ... summoned by the Serpent of Hell
             ... on level 7 of Tartarus.
             The game lasted 04:53:10 (76893 turns).

DogServant the Hoplite (Demonspawn Berserker)      Turns: 76893, Time: 04:53:11

HP:   0/382 (399)   AC: 33    Str: 30    XL:     27
MP:   7/7           EV:  2    Int: 16    God:    Trog [******]
Gold: 7273          SH: 34    Dex: 20    Spells: 26/26 levels left

rFire    + . .     SeeInvis .   a - +9 broad axe (antimagic)
rCold    . . .     Faith    .   O - +2 tower shield {rPois}
rNeg     + + +     Spirit   .   (armour currently unavailable)
rPois    +         Reflect  +   (helmet unavailable)
rElec    .         Harm     .   (cloak currently unavailable)
rCorr    .         Rampage  .   (gloves currently unavailable)
MR       +++++     NoTele   +   (boots currently unavailable)
Stlth    +++++.....             x - amulet of reflection
HPRegen  2.73/turn              c - ring "Evuotimny" {rPois rF+ rN+}
MPRegen  0.10/turn              q - +6 ring of strength

@: mighty, agile, lethally poisoned (0 -> 0), tree-form, berserk cooldown,
regenerating, slowed, very slow
A: thin skeletal structure 3, clever 2, clumsy 1, magic resistance 1, negative
energy resistance 1, sense surroundings 1, powered by death 3, powered by pain
3, robust 1, 50% torment resistance, black mark
}: 6/15 runes: decaying, serpentine, silver, iron, obsidian, icy
a: Berserk, Trog's Hand, Brothers in Arms, Renounce Religion


You were on level 7 of Tartarus.
You worshipped Trog.
Trog was exalted by your worship.
You were a tree.
You visited 16 branches of the dungeon, and saw 77 of its levels.
You also visited: Ice Cave.

You collected 10201 gold pieces.
You spent 2928 gold pieces at shops.

Inventory:

Hand Weapons
 a - a +9 antimagic broad axe (weapon)
 J - a +1 hand crossbow of flaming
 Y - the +11 hand axe of Skirmishing {elec, Str+6 Dex+9}
   (You took it off a yaktaur on level 4 of the Depths)

   Occasionally, upon striking a foe, it will discharge some electrical energy
   and cause terrible harm.
   It affects your strength (+6).
   It affects your dexterity (+9).
Missiles
 u - 13 boomerangs of dispersal (quivered)
Armour
 g - a scarf of repulsion (melded)
 n - the +0 pair of gloves "Caracong" (melded) {Regen+}
   (You acquired it on level 3 of the Elven Halls)

   It increases your rate of regeneration.
 A - a +2 pair of boots of running (melded)
 D - +1 gold dragon scales (melded)
 N - +8 fire dragon scales
 O - a +2 tower shield of poison resistance (worn)
Jewellery
 c - the ring "Evuotimny" (left branch) {rPois rF+ rN+}
   (You found it on level 3 of the Crypt)

   [ring of positive energy]

   It protects you from fire.
   It protects you from poison.
   It protects you from negative energy.
 d - an uncursed ring of protection from fire
 q - a +6 ring of strength (right branch)
 t - an uncursed ring of see invisible
 x - an amulet of reflection (around neck)
 z - an uncursed ring of resist corrosion
 G - an uncursed ring of protection from fire
 V - the ring "Voisietzuo" {rF++ rC- rN+ MR+ Dex+3}
   (You found it on level 3 of the Crypt)

   [ring of positive energy]

   It affects your dexterity (+3).
   It greatly protects you from fire.
   It makes you vulnerable to cold.
   It protects you from negative energy.
   It affects your resistance to hostile enchantments.
 X - the ring "Sauwnuz" {+Fly rC++ MR+ EV+4 Str-2}
   (You found it on level 3 of the Elven Halls)

   [ring of evasion]

   It affects your evasion (+4).
   It affects your strength (-2).
   It greatly protects you from cold.
   It affects your resistance to hostile enchantments.
   It lets you fly.
Wands
 b - a wand of digging (14)
 j - a wand of polymorph (29)
 k - a wand of random effects (35)
 o - a wand of iceblast (60)
 P - a wand of flame (25)
 S - a wand of acid (8)
 W - a wand of paralysis (41)
Scrolls
 e - a scroll of summoning
 h - 19 scrolls of remove curse
 l - 21 scrolls of identify
 p - a scroll of silence
 r - 15 scrolls of teleportation
 B - 11 scrolls of fog
 I - 5 scrolls of enchant weapon
 L - 9 scrolls of immolation
 T - 5 scrolls of blinking
 Z - 3 scrolls of fear
Potions
 i - 4 potions of might
 m - 5 potions of magic
 s - 16 potions of curing
 v - 9 potions of ambrosia
 w - 8 potions of heal wounds
 C - 3 potions of haste
 F - 2 potions of invisibility
 H - 5 potions of lignification
 K - 8 potions of flight
 U - a potion of resistance
Miscellaneous
 f - a phial of floods (inert)
 E - the horn of Geryon (inert)


   Skills:
 + Level 25.0 Fighting
 + Level 23.4 Axes
 - Level 15.1 Armour
 - Level 22.8 Dodging
 + Level 25.2 Shields
 - Level 17.7 Evocations


You had 26 spell levels left.
You didn't know any spells.
Your spell library contained the following spells:

 Spells                   Type           Power        Failure   Level
 Animate Skeleton         Necr           #.....       26%         1
 Apportation              Tloc           #.....       26%         1
 Magic Dart               Conj           #...         26%         1
 Pain                     Necr           #...         26%         1
 Sandblast                Erth           #.....       26%         1
 Sting                    Tmut/Pois      #...         26%         1
 Searing Ray              Conj           #.....       36%         2
 Slow                     Hex            #.......     36%         2
 Sublimation of Blood     Necr           #.........   36%         2
 Dazzling Flash           Conj/Hex       #.....       58%         3
 Frozen Ramparts          Ice            #.....       58%         3
 Ignite Poison            Fire/Tmut/Pois #.......     58%         3
 Lesser Beckoning         Tloc           #.........   58%         3
 Portal Projectile        Hex/Tloc       #.....       58%         3
 Tukima's Dance           Hex            #.......     58%         3
 Fulminant Prism          Conj/Hex       #.........   94%         4
 Hailstorm                Conj/Ice       #.......     94%         4
 Iskenderun's Mystic Bla  Conj/Tloc      #.......     94%         4
 Leda's Liquefaction      Hex/Erth       #.........   94%         4
 Petrify                  Tmut/Erth      #.......     94%         4
 Summon Lightning Spire   Summ/Air       #.......     94%         4
 Alistair's Intoxication  Tmut/Pois      #........    100%        5
 Bolt of Magma            Conj/Fire/Erth #.........   100%        5
 Borgnjor's Vile Clutch   Necr/Erth      #.........   100%        5
 Irradiate                Conj/Tmut      #.........   100%        5
 Metabolic Englaciation   Hex/Ice        #.........   100%        5
 Silence                  Hex/Air        #.........   100%        5
 Summon Demon             Summ           #.........   100%        5
 Summon Forest            Summ/Tloc      #.........   100%        5
 Summon Mana Viper        Hex/Summ       #.......     100%        5
 Conjure Ball Lightning   Conj/Air       #.........   100%        6
 Death Channel            Necr           #.........   100%        6
 Eringya's Noxious Bog    Tmut/Pois      #.........   100%        6
 Hydra Form               Tmut           #.........   100%        6
 Invisibility             Hex            #.......     100%        6
 Iron Shot                Conj/Erth      #.........   100%        6
 Shadow Creatures         Summ           N/A          100%        6
 Simulacrum               Ice/Necr       #.........   100%        6
 Statue Form              Tmut/Erth      #........    100%        6
 Dragon Form              Tmut           #.........   100%        7
 Haunt                    Necr/Summ      #.........   100%        7
 Summon Hydra             Summ           #.........   100%        7
 Borgnjor's Revivificati  Necr           #.........   100%        8
 Discord                  Hex            #.........   100%        8
 Infestation              Necr           #.........   100%        8
 Necromutation            Tmut/Necr      #.........   100%        8
 Death's Door             Necr           #.........   100%        9
 Shatter                  Erth           #.........   100%        9
 Tornado                  Air            #.........   100%        9


Dungeon Overview and Level Annotations

Branches:
Dungeon (15/15)            Temple (1/1) D:7            Lair (5/6) D:10
  Swamp (4/4) Lair:3        Snake (4/4) Lair:2        Slime (0/5) Lair:5
    Orc (2/2) D:10            Elf (3/3) Orc:2        Vaults (5/5) D:13
  Crypt (3/3) Vaults:3       Tomb (0/3) Crypt:3      Depths (5/5) D:15
   Hell (visited)             Dis (7/7) Hell            Geh (7/7) Hell
    Coc (7/7) Hell            Tar (6/7) Hell            Zot (1/5) Depths:5
  IceCv (visited)

Altars:
Ashenzari
Dithmenos
Fedhas
Gozag
Kikubaaqudgha
Makhleb
Nemelex Xobeh
Okawaru
Ru
Sif Muna
Vehumet
Wu Jian
Xom
Yredelemnul
The Shining One
Beogh
Jiyva
Lugonu

Shops:
D:5 [   D:9 :   Orc:2 =}([   Snake:2 [   Snake:3 =}}   Vaults:1 ?   Vaults:3 !

Portals:
Hell: Depths:1 Depths:2 Depths:3 Depths:4 Depths:5
Abyss: Depths:2 Depths:3 Depths:4
Pandemonium: Depths:3 Depths:5
Ziggurat: Depths:2
Bazaar: Depths:5

Annotations:
Swamp:4 exclusion: 3 oklob plants
Vaults:3 2 runed translucent doors, Axuur's ghost, adept DrMo; Ecu Hasm's ghost, adept GnSk
Tar:7 Serpent of Hell


Innate Abilities, Weirdness & Mutations

((You have a pair of large horns on your head.))
You have an unnaturally thin skeletal structure. (Dex +6, Stealth++)
You resist negative energy. (rN+)
You regenerate a lot of health from kills.
You are powered by pain.
You are somewhat able to resist unholy torments (1 in 2 success).
Your melee attacks may debilitate your foes.
Your mind is very acute. (Int +4)
You are clumsy. (Dex -2)
You are resistant to hostile enchantments. (MR+)
You passively map a small area around you.
You are robust. (+10% HP)


Message History

You slice the Serpent of Hell!!
The Serpent of Hell's magic leaks into the air.
The Serpent of Hell is almost dead.
You slash the fire dragon! You barely miss the shadow dragon.
You are engulfed in dark miasma.
You feel as though you will be slow longer.
* * * LOW HITPOINT WARNING * * *
You feel sick. You block the Serpent of Hell's attack.
The Serpent of Hell bites you!
* * * LOW HITPOINT WARNING * * *
The Serpent of Hell bites you!
* * * LOW HITPOINT WARNING * * *
The Serpent of Hell barely misses you.
The Serpent of Hell tramples you but does no damage.
The shadow dragon is engulfed in dark miasma.
You block the shadow dragon's attack. The shadow dragon barely misses you.
You block the shadow dragon's attack.
The fire dragon bites you but does no damage.
The fire dragon claws you.
You die...

, , ,, * ,.....# ,
* , .....# * , , ,
,, , .....# . ,
Z....# .. ,, ,
.....# * *...#*
##○....#
..≈≈.######○○....#
,
..≈≈......D♣○....#
,
..≈≈.....2DD○....#
, ,
..≈≈.........○...#
,
,.≈≈≈.##..........#
.... ##.........# ,
... #.........# , ,
, .. .†.......## ,
*. , ,.........## *
.........##


You could see the Serpent of Hell (catching breath), a shadow dragon (summoned,
catching breath, weak), a fire dragon (summoned, catching breath), a reaper and
a shadow dragon skeleton.

Vanquished Creatures
  Antaeus (Coc:7)
  Asmodeus (Geh:7)
  Dispater (Dis:7)
  Khufu (Crypt:2)
  5 ancient liches
  A juggernaut (Depths:4)
  The ghost of Onnun the Warrior, a veteran GrFi of the Shining One (Crypt:3)
  Frederick (Vaults:3)
  Margery (Vaults:3)
  Bai Suzhen (Crypt:2)
  Saint Roka (Elf:2)
  8 shard shrikes
  Xtahua (Crypt:2)
  Geryon (Hell)
  6 golden dragons
  Nikola (Swamp:2)
  the Enchantress (Depths:2)
  14 bone dragons
  A profane servitor (Crypt:3)
  24 Brimstone Fiends
  15 Tzitzimimeh
  Rupert (Lair:4)
  5 doom hounds
  15 Ice Fiends
  A tentacled monstrosity (Depths:1)
  Jorgrun (Swamp:1)
  6 iron giants
  9 Hell Sentinels
  6 quicksilver dragons
  13 liches
  3 deep elf master archers (Elf:3)
  2 deep elf blademasters
  Asterion (Vaults:3)
  5 titans
  An acid blob (shapeshifter) (Vaults:5)
  Murray (Hell)
  A death cob (Zot:1)
  5 sphinxes
  3 Executioners (Dis:7)
  24 ancient champions
  2 storm dragons
  Kirke (Snake:3)
  A sphinx (shapeshifter) (Vaults:5)
  2 thorn hunters (Swamp:4)
  Agnes (Snake:4)
  6 shadow dragons
  5 tengu reavers
  5 draconian monks (Depths:5)
  6 revenants
  7 nagarajas
  Roxanne (Swamp:1)
  7 fire giants
  3 iron dragons (Dis:7)
  10 deep elf sorcerers
  6 curse skulls
  10 frost giants
  4 cacodemons
  An orc warlord (Orc:2)
  Aizul (Elf:1)
  Louise (Snake:4)
  17 vault wardens
  A draconian scorcher (Depths:5)
  3 spriggan defenders (Depths:2)
  18 balrugs
  5 deep elf elementalists
  5 elemental wellsprings
  4 draconian annihilators (Depths:5)
  7 ironheart preservers
  8 ghouls
  16 stone giants
  11 very ugly things
  15 war gargoyles
  12 vampire knights
  49 reapers
  6 hydra skeletons
  3 green draconians (Depths:5)
  8 deep elf annihilators
  3 deep elf demonologists
  6 red draconians (Depths:5)
  4 black draconians (Depths:5)
  2 lorocyprocas
  5 spark wasps (Depths:4)
  3 purple draconians (Depths:5)
  3 white draconians (Depths:5)
  6 deep elf death magi
  18 blizzard demons
  7 ettins
  2 eidola (Crypt:2)
  10 quicksilver dragon zombies
  A merfolk javelineer (Depths:3)
  Josephine (Lair:5)
  Snorg (D:13)
  3 green deaths
  16 ogre magi
  7 great orbs of eyes
  9 fire dragons
  7 deep elf high priests
  14 hydras
  4 rakshasas
  Erolcha (Orc:1)
  12 jiangshi
  7 quicksilver dragon skeletons
  17 yaktaur captains
  11 naga warriors
  5 kraken zombies
  Harold (D:8)
  35 vault guards
  A catoblepas (D:13)
  A ghost crab (Swamp:4)
  6 spriggan air magi
  23 ice dragons
  5 anacondas
  11 centaur warriors
  7 shambling mangroves
  5 death knights
  8 tengu warriors
  4 vampire magi
  8 titan zombies
  36 dancing weapons
  37 hell hogs
  44 two-headed ogres
  A death yak (D:10)
  10 alligators
  An orc high priest (Orc:2)
  10 deep troll shamans
  15 deep troll earth magi
  7 shock serpents
  2 spriggan berserkers
  21 naga sharpshooters
  9 soul eaters
  71 hell knights
  16 iron golems
  14 sun demons
  3 storm dragon zombies
  A shock serpent (shapeshifter) (Vaults:5)
  5 titan skeletons
  Sonja (D:12)
  3 large abominations
  26 deep elf knights
  A fire crab (shapeshifter) (Vaults:4)
  4 sixfirhies
  2 salamander mystics
  6 iron trolls
  89 skeletal warriors
  6 shadow wraiths
  3 small abominations
  3 spriggan druids
  5 storm dragon skeletons
  7 golden dragon zombies
  14 flayed ghosts
  4 unseen horrors
  5 ghost moth zombies
  6 shadow demons
  8 naga ritualists
  12 anaconda zombies
  11 deep elf archers
  6 glowing orange brains
  10 ironbrand convokers
  3 wizards (D:10)
  5 death drakes
  32 deep trolls
  4 shadow dragon zombies
  An obsidian statue (D:10)
  3 spectral hydras (Swamp:4)
  2 sea snakes (Snake:2)
  7 swamp dragons
  13 orc knights
  5 lindwurms (Depths:5)
  6 wolf spider zombies
  A swamp dragon (shapeshifter) (Vaults:5)
  A golden dragon skeleton (Geh:1)
  7 anaconda skeletons
  36 necromancers
  12 harpies
  29 phantasmal warriors
  14 iron dragon zombies
  7 wolf spiders
  22 ugly things
  8 mana vipers
  4 oklob plants (Lair:2)
  6 frost giant zombies
  15 stone giant zombies
  9 salamanders
  4 tengu skeletons
  10 fire giant zombies
  2 manticores
  4 orc sorcerers
  A shining eye (shapeshifter) (Vaults:1)
  5 cyclopes
  50 deep elf magi
  9 shadow dragon skeletons
  7 dire elephant zombies
  8 shock serpent zombies
  3 frost giant skeletons
  7 fire giant skeletons
  4 guardian serpents
  5 stone giant skeletons
  Joseph (Lair:1)
  A guardian serpent (shapeshifter) (Vaults:5)
  42 rust devils
  8 smoke demons
  3 ice statues
  A torpor snail (Lair:5)
  15 vault sentinels
  11 molten gargoyles
  5 iron dragon skeletons
  18 naga magi
  4 orange demons (Hell)
  37 black mambas
  2 storm dragon simulacra (Coc:7)
  16 cane toads
  A titan simulacrum (Coc:7)
  A minotaur zombie (Coc:7)
  47 hellions
  4 centaur skeletons
  An emperor scorpion zombie (Geh:6)
  A shock serpent skeleton (Tar:5)
  A gargoyle (D:11)
  3 catoblepas zombies
  A grey draconian zombie (Crypt:3)
  6 efreet
  A kobold demonologist (D:15)
  7 dire elephant skeletons
  A rime drake (Lair:4)
  A green draconian zombie (Crypt:3)
  24 freezing wraiths
  8 komodo dragons
  A komodo dragon (shapeshifter) (Vaults:5)
  64 yaktaurs
  43 tormentors
  An anaconda simulacrum (Coc:7)
  A swamp worm zombie (Crypt:1)
  3 demonic crawlers
  A catoblepas skeleton (Tar:3)
  45 red devils
  4 tengu conjurers
  36 ice devils
  A yaktaur skeleton (Depths:1)
  A sea snake skeleton (Crypt:2)
  6 guardian mummies
  A troll (shapeshifter) (Depths:4)
  3 death drake zombies (Swamp:4)
  A jumping spider (shapeshifter) (Depths:3)
  3 silent spectres
  5 harpy zombies
  11 trolls
  A merfolk (shapeshifter) (Elf:3)
  21 hydra zombies
  3 wind drakes (Depths:5)
  2 harpy skeletons
  8 ettin zombies
  26 hornets
  8 ice dragon zombies
  4 raiju (Elf:1)
  6 blink frogs
  27 slime creatures
  5 tyrant leeches
  10 fire dragon zombies
  8 hippogriffs
  8 alligator zombies
  An iron dragon simulacrum (Crypt:3)
  A tarantella zombie (Crypt:1)
  10 bog bodies
  A hippogriff (shapeshifter) (Depths:4)
  75 flying skulls
  2 stone giant simulacra
  4 alligator skeletons
  A spriggan (shapeshifter) (Elf:2)
  14 water elementals
  2 redbacks (shapeshifter)
  12 spriggans
  5 ettin skeletons
  7 air elementals
  7 fire dragon skeletons
  6 ice dragon skeletons
  5 vampires
  50 fire elementals
  3 hogs (Snake:3)
  20 yaks
  2 fire bats (Geh:2)
  2 wyverns (D:13)
  2 black mamba skeletons
  A human (Snake:3)
  43 wraiths
  A human (shapeshifter) (D:15)
  21 shadows
  A tyrant leech zombie (Crypt:1)
  5 basilisks
  A chaos spawn (Depths:4)
  30 vampire mosquitoes
  3 acid dragons
  15 insubstantial wisps
  A warg (shapeshifter) (Vaults:2)
  69 nagas
  A soldier ant (shapeshifter) (Vaults:2)
  16 swamp worms
  2 infernal demonspawn zombies
  9 wargs
  2 merfolk zombies (Dis:4)
  11 cane toad zombies
  3 hydra simulacra (Swamp:4)
  68 hell hounds
  17 water moccasins
  2 infernal demonspawn skeletons
  8 swamp drakes
  3 snapping turtle zombies
  63 orc warriors
  10 porcupines
  2 eyes of draining
  5 ice beasts
  4 sky beasts
  4 cane toad skeletons
  31 necrophages
  12 phantoms
  An alligator simulacrum (Hell)
  2 black mamba simulacra
  5 swamp dragon zombies
  A dream sheep skeleton (Crypt:2)
  4 manticore zombies
  41 ogres
  7 wolves
  3 swamp dragon skeletons
  11 crocodiles
  6 manticore skeletons
  22 centaurs
  5 snapping turtle skeletons
  2 yaktaur zombies
  A big kobold (D:12)
  3 earth elementals
  2 elf zombies
  17 bullfrogs
  A wyvern skeleton (D:13)
  2 scorpions
  An elf skeleton (Dis:5)
  A shapeshifter zombie (Crypt:3)
  A water moccasin skeleton (D:11)
  90 wights
  2 spriggan zombies
  3 killer bees (D:7)
  4 electric eels
  2 snapping turtle simulacra
  2 howler monkeys
  16 crimson imps
  2 bullfrog zombies (D:7)
  7 hounds
  2 quasits
  4 centaur zombies
  9 human zombies
  26 orc priests
  4 jellies
  17 iron imps
  A bullfrog skeleton (D:8)
  3 human skeletons
  5 hell rats
  4 iguanas
  42 orc wizards
  5 worker ants
  2 porcupine skeletons (Crypt:3)
  An ogre zombie (Dis:4)
  A tengu zombie (Tar:4)
  A demigod skeleton (Crypt:2)
  An ogre skeleton (Geh:1)
  A naga zombie (Dis:6)
  A deep dwarf skeleton (Crypt:3)
  2 hound zombies
  A hound skeleton (D:7)
  19 mummies
  2 howler monkey zombies
  A gnoll (D:1)
  19 adders
  22 shadow imps
  21 white imps
  10 ufetubi
  An adder skeleton (D:5)
  3 worms
  3 dart slugs (D:1)
  2 leopard geckos
  138 orcs
  6 bats
  7 giant cockroaches
  6 goblins
  6 hobgoblins
  7 jackals (D:5)
  17 kobolds
  6 quokkas
  2 ball pythons
  A frilled lizard (D:1)
  2 jackal skeletons
  A kobold zombie (Geh:2)
  2 leopard gecko zombies
  4 orc skeletons
  2 orc zombies
  A quokka skeleton (D:4)
  4 rats
  A rat skeleton (Crypt:1)
  2 crawling corpses (Elf:3)
  10 tentacles
3728 creatures vanquished.

Vanquished Creatures (collateral kills)
  An ancient lich (Vaults:5)
  A Brimstone Fiend (Geh:7)
  A sphinx (Vaults:5)
  A shadow dragon (Tar:7)
  A tengu reaver (Depths:5)
  A fire giant (Depths:5)
  An orc warlord (Orc:2)
  A balrug (Geh:7)
  A spriggan defender (Depths:3)
  A very ugly thing (Vaults:5)
  A stone giant (Depths:3)
  A vampire knight (Depths:3)
  A purple draconian (Depths:5)
  2 yaktaur captains
  An ice dragon (Depths:5)
  A rakshasa (Depths:3)
  A queen ant (shapeshifter) (Vaults:5)
  A sun demon (Geh:7)
  A shadow wraith (Vaults:5)
  A death drake (Depths:5)
  A shadow demon (Tar:7)
  A lindwurm (shapeshifter) (Vaults:5)
  An orb spider (shapeshifter) (Depths:3)
  A wolf spider (Vaults:5)
  2 yaktaurs (Vaults:5)
  A tormentor (Tar:7)
  An ettin zombie (Tar:7)
  An orc warrior (Orc:2)
  A troll skeleton (Geh:7)
  An orc priest (Orc:2)
  An orc (Orc:2)
33 creatures vanquished.

Vanquished Creatures (others)
  A nagaraja (Snake:4)
  A vault warden (Vaults:3)
  A reaper (Dis:6)
  An elemental wellspring (Coc:3)
  An ice dragon (Coc:7)
  4 hell hogs
  An unseen horror (Vaults:1)
  A golden dragon zombie (Geh:7)
  2 necromancers (Geh:3)
  A yaktaur (Vaults:1)
  A tengu conjurer (D:13)
  A guardian mummy (Crypt:1)
  A shadow (Geh:4)
  A vampire mosquito (Swamp:2)
  A necrophage (Tar:7)
  A swamp dragon skeleton (Geh:1)
  3 wights
  A crimson imp (Geh:4)
  An iron imp (Dis:6)
  A mummy (Coc:3)
  3 white imps (Geh:4)
  4 ufetubi (IceCv)
  An orc skeleton (Geh:7)
  39 fungi
  101 plants
  19 tentacles
193 creatures vanquished.

Grand Total: 3954 creatures vanquished

Notes
Turn   | Place    | Note
-------+----------+-------------------------------------------
     0 | D:1      | DogServant the Demonspawn Berserker began the quest for the
                  | Orb.
     0 | D:1      | Reached XP level 1. HP: 18/18 MP: 1/1
   136 | D:1      | Gained mutation: You regenerate a little health from kills.
                  | [demonic ancestry]
   136 | D:1      | Reached XP level 2. HP: 20/24 MP: 2/2
   516 | D:1      | Reached ** piety under Trog
   516 | D:1      | Gained mutation: You regenerate health from kills. [demonic
                  | ancestry]
   516 | D:1      | Reached XP level 3. HP: 21/29 MP: 3/3
  1867 | D:3      | Gained mutation: You have a pair of small horns on your
                  | head. [demonic ancestry]
  1867 | D:3      | Reached XP level 4. HP: 35/37 MP: 4/4
  2573 | D:4      | Found a radiant altar of Vehumet.
  2618 | D:4      | Noticed a phantom
  2690 | D:4      | Killed a phantom
  2690 | D:4      | Gained mutation: You sometimes gain a little power by
                  | taking damage. [demonic ancestry]
  2690 | D:4      | Reached XP level 5. HP: 28/43 MP: 5/5
  3286 | D:5      | Entered Level 5 of the Dungeon
  3292 | D:5      | Reached XP level 6. HP: 50/50 MP: 6/6
  3298 | D:5      | Reached skill level 5 in Fighting
  3323 | D:5      | Reached *** piety under Trog
  3669 | D:5      | Got a glittering golden ring
  3705 | D:5      | Found a blossoming altar of Fedhas.
  3747 | D:5      | Identified the ring of Winter {+Blink Str+2 Stlth-} (You
                  | found it on level 5 of the Dungeon)
  3798 | D:5      | Gained mutation: You regenerate a lot of health from kills.
                  | [demonic ancestry]
  3798 | D:5      | Reached XP level 7. HP: 56/56 MP: 7/7
  3813 | D:5      | Reached skill level 5 in Axes
  4164 | D:5      | Found Enaotah's Armour Shop.
  5108 | D:7      | Found a broken altar of Ashenzari.
  5114 | D:7      | Gained mutation: You have a somewhat thin skeletal
                  | structure. (Dex +2, Stealth) [demonic ancestry]
  5114 | D:7      | Reached XP level 8. HP: 7/64 MP: 8/8
  5228 | D:7      | Reached skill level 5 in Armour
  5380 | D:7      | Reached **** piety under Trog
  5468 | D:7      | Found a staircase to the Ecumenical Temple.
  5479 | Temple   | Entered the Ecumenical Temple
  6045 | D:7      | Reached XP level 9. HP: 72/72 MP: 9/9
  6139 | D:7      | Found the +6 lightning scales {run, rElec}
  6508 | D:8      | Noticed Harold
  6522 | D:8      | Killed Harold
  6594 | D:8      | Found a glowing golden altar of the Shining One.
  6687 | D:8      | Reached skill level 5 in Dodging
  6975 | D:8      | Found a sparkling altar of Nemelex Xobeh.
  7365 | D:9      | Reached skill level 1 in Evocations
  7411 | D:9      | Paralysed by a hornet for 1 turns
  7416 | D:9      | Reached skill level 1 in Shields
  7416 | D:9      | Gained mutation: You have a pair of horns on your head.
                  | [demonic ancestry]
  7416 | D:9      | Reached XP level 10. HP: 83/83 MP: 6/10
  8077 | D:9      | Found a shadowy altar of Dithmenos.
  8079 | D:9      | Found a sacrificial altar of Ru.
  8163 | D:9      | Found a shimmering blue altar of Sif Muna.
  8240 | D:9      | Found Heocausk's Book Emporium.
  8405 | D:10     | Entered Level 10 of the Dungeon
  8405 | D:10     | Noticed a two-headed ogre
  8473 | D:10     | Noticed a wizard
  8474 | D:10     | Noticed a wizard
  8485 | D:10     | Killed a wizard
  8492 | D:10     | Killed a wizard
  8509 | D:10     | Found a staircase to the Lair.
  8509 | D:10     | Noticed a death yak
  8517 | D:10     | Killed a death yak
  8766 | D:10     | Killed a two-headed ogre
  8805 | D:10     | Noticed a wizard
  8816 | D:10     | Killed a wizard
  8816 | D:10     | Reached skill level 10 in Fighting
  8985 | D:10     | Noticed a deep elf mage
  8991 | D:10     | Killed a deep elf mage
  8991 | D:10     | Gained mutation: You sometimes gain power by taking damage.
                  | [demonic ancestry]
  8991 | D:10     | Reached XP level 11. HP: 90/90 MP: 11/11
  9118 | D:10     | Identified the Incunabulum of Plaster Cramp
  9220 | D:10     | Noticed an obsidian statue
  9344 | D:10     | Reached skill level 5 in Evocations
  9434 | D:10     | Found a staircase to the Orcish Mines.
  9966 | D:11     | Got a spiked ring mail
  9977 | D:11     | Identified the +1 ring mail "Isoeffu" {rCorr Str+2 Stlth+}
                  | (You found it on level 11 of the Dungeon)
 10069 | D:11     | Reached skill level 5 in Shields
 10602 | D:12     | Noticed Sonja
 10705 | D:12     | Noticed a glowing orange brain
 10705 | D:12     | a cyclops changed into a glowing orange brain
 10714 | D:12     | Killed a glowing orange brain
 10985 | D:12     | Paralysed by a hornet for 3 turns
 12140 | D:12     | Killed Sonja
 12236 | D:13     | Reached skill level 10 in Axes
 12317 | D:13     | Noticed a two-headed ogre
 12325 | D:13     | Noticed a tengu warrior
 12327 | D:13     | Killed a two-headed ogre
 12348 | D:14     | Noticed a tengu warrior
 12348 | D:14     | Noticed a tengu warrior
 12444 | D:13     | Noticed a tengu warrior
 12444 | D:13     | Noticed a catoblepas
 12445 | D:13     | Noticed a deep elf mage
 12598 | D:13     | Killed a deep elf mage
 13375 | D:13     | Found a gate to the Vaults.
 13375 | D:13     | Noticed a vault guard
 13375 | D:13     | Noticed a vault guard
 13375 | D:13     | Noticed a vault guard
 13375 | D:13     | Noticed a vault guard
 13375 | D:13     | Noticed a death knight
 13380 | D:13     | Noticed Snorg
 13395 | D:13     | Reached XP level 12. HP: 49/100 MP: 0/12
 13401 | D:13     | Killed Snorg
 13538 | D:13     | Killed a death knight
 13734 | D:13     | Killed a vault guard
 13919 | D:13     | Noticed a tengu warrior
 13932 | D:13     | Killed a tengu warrior
 13989 | D:13     | Killed a catoblepas
 14016 | D:14     | Noticed an eight-headed hydra
 14218 | D:14     | Killed a tengu warrior
 14221 | D:14     | Killed a tengu warrior
 14616 | D:14     | Identified the cursed +2 lajatang of Peohojav {venom, MR++
                  | Int-2}
 14813 | D:14     | HP: 5/153 [15-headed hydra (8)]
 14814 | D:14     | Killed a 16-headed hydra
 14814 | D:14     | HP: 2/153 [something (4)]
 14869 | D:14     | Killed a tengu warrior
 15125 | D:14     | Noticed a death knight
 15134 | D:14     | Killed a death knight
 15134 | D:14     | Reached XP level 13. HP: 108/108 MP: 13/13
 15690 | D:15     | Entered Level 15 of the Dungeon
 15733 | D:15     | Noticed an ettin
 16311 | Orc:1    | Entered Level 1 of the Orcish Mines
 16316 | Orc:1    | Noticed Erolcha
 16326 | Orc:1    | Killed Erolcha
 16347 | Orc:1    | Reached ***** piety under Trog
 16860 | Orc:2    | Entered Level 2 of the Orcish Mines
 16861 | Orc:2    | Found a staircase to the Elven Halls.
 16959 | Orc:2    | Found a roughly hewn altar of Beogh.
 17075 | Orc:2    | Found a roughly hewn altar of Beogh.
 17075 | Orc:2    | Found Gugidwar's Gadget Emporium.
 17099 | Orc:2    | Noticed an orc warlord
 17112 | Orc:2    | Received a gift from Trog
 17135 | Orc:2    | Killed an orc warlord
 17311 | Orc:2    | Found a roughly hewn altar of Beogh.
 17439 | Orc:2    | Found a roughly hewn altar of Beogh.
 17505 | Orc:2    | Noticed an orc warlord
 17524 | Orc:2    | Killed an orc warlord
 17532 | Orc:2    | Received a gift from Trog
 17602 | Orc:2    | Found Tonoof's Antique Weapon Boutique.
 17603 | Orc:2    | Found a roughly hewn altar of Beogh.
 17604 | Orc:2    | Found Kufum's Antique Armour Shop.
 17617 | Orc:2    | Bought a pair of embroidered gloves for 270 gold pieces
 17795 | Orc:2    | Found a roughly hewn altar of Beogh.
 17795 | Orc:2    | Found Utenal's Jewellery Emporium.
 17820 | Orc:2    | Bought a +6 ring of strength for 760 gold pieces
 17820 | Orc:2    | Bought an uncursed amulet of reflection for 390 gold pieces
 17996 | Lair:1   | Entered Level 1 of the Lair of Beasts
 18006 | Lair:1   | Noticed Joseph
 18019 | Lair:1   | Killed Joseph
 18667 | Lair:2   | Gained mutation: You have a moderately thin skeletal
                  | structure. (Dex +4, Stealth+) [demonic ancestry]
 18667 | Lair:2   | Reached XP level 14. HP: 118/118 MP: 4/14
 19112 | Lair:2   | Found a staircase to the Snake Pit.
 19822 | Lair:3   | Found a staircase to the Swamp.
 21185 | Lair:4   | Noticed Rupert
 21201 | Lair:4   | Killed Rupert
 21787 | Lair:5   | Found a viscous altar of Jiyva.
 21787 | Lair:5   | Found a staircase to the Slime Pits.
 22038 | Lair:5   | Received a gift from Trog
 22075 | Lair:5   | Noticed Josephine
 22088 | Lair:5   | Killed Josephine
 22332 | Lair:5   | Found a runed translucent door.
 23739 | D:15     | Gained mutation: You resist negative energy. (rN+) [demonic
                  | ancestry]
 23739 | D:15     | Reached XP level 15. HP: 126/126 MP: 5/15
 23934 | D:15     | Got a transparent plate armour
 23945 | D:15     | Identified the +2 plate armour "Javael" {rPois Int+2} (You
                  | found it on level 15 of the Dungeon)
 23950 | D:15     | Identified a scroll of acquirement
 23950 | D:15     | Acquired a scarf of repulsion
 24862 | D:15     | Found a staircase to the Depths.
 25173 | Snake:1  | Entered Level 1 of the Snake Pit
 25263 | Snake:1  | Received a gift from Trog
 25637 | Snake:1  | Reached skill level 10 in Armour
 26873 | Snake:2  | Found a frozen archway.
 26884 | IceCv    | Entered an ice cave
 26967 | IceCv    | Reached ****** piety under Trog
 26996 | IceCv    | Identified a +0 pair of boots of running (You found it in
                  | an ice cave)
 27257 | IceCv    | Gained mutation: You have a pair of large horns on your
                  | head. [demonic ancestry]
 27257 | IceCv    | Reached XP level 16. HP: 121/134 MP: 5/16
 27525 | IceCv    | Noticed an Ice Fiend
 27525 | IceCv    | Noticed an Ice Fiend
 27862 | Snake:2  | Reached skill level 15 in Fighting
 27905 | Snake:2  | Found Lewimoith's Antique Armour Shop.
 28478 | Snake:2  | Received a gift from Trog
 28779 | Elf:1    | Entered Level 1 of the Elven Halls
 28943 | Elf:1    | Reached skill level 10 in Dodging
 29149 | Elf:1    | Reached skill level 10 in Shields
 29245 | Elf:1    | Noticed Aizul
 29266 | Elf:1    | Found the +8 arc blade {discharge, rElec}
 29266 | Elf:1    | Noticed a storm dragon
 29279 | Elf:1    | Killed a storm dragon
 29282 | Elf:1    | Killed Aizul
 29782 | Elf:1    | Received a gift from Trog
 30482 | Elf:2    | Found a large runed translucent door.
 30482 | Elf:2    | Found a large runed translucent door.
 30523 | Elf:2    | Found a large runed translucent door.
 30523 | Elf:2    | Found a large runed translucent door.
 30802 | Elf:2    | Gained mutation: You have an unnaturally thin skeletal
                  | structure. (Dex +6, Stealth++) [demonic ancestry]
 30802 | Elf:2    | Reached XP level 17. HP: 138/144 MP: 5/17
 31066 | Elf:3    | Entered Level 3 of the Elven Halls
 31401 | Elf:3    | Acquired the +0 pair of gloves "Caracong" {Regen+}
 31510 | Elf:3    | Received a gift from Trog
 31573 | Elf:3    | Reached skill level 15 in Axes
 31674 | Elf:3    | Noticed a deep elf master archer
 31678 | Elf:3    | Killed a deep elf master archer
 31759 | Elf:3    | Noticed a deep elf blademaster
 31777 | Elf:3    | Noticed a deep elf master archer
 31788 | Elf:3    | Killed a deep elf blademaster
 31789 | Elf:3    | Identified the +1 robe of Circular Logic {Harm}
 31789 | Elf:3    | Identified the amulet "Ricweix" {RegenMP rF+}
 31792 | Elf:3    | Identified the ring of the Scarab {rN+ MP+9 Int+2}
 31792 | Elf:3    | Noticed a deep elf master archer
 31794 | Elf:3    | Killed a deep elf master archer
 31816 | Elf:3    | Killed a deep elf master archer
 31917 | Elf:3    | Found the +3 Elemental Staff {rElec rF++ rC++ MR++ AC+5}
 32111 | Elf:3    | Got a steaming silver ring
 32117 | Elf:3    | Got a masterwork scimitar
 32145 | Elf:3    | Identified the ring "Sauwnuz" {+Fly rC++ MR+ EV+4 Str-2}
                  | (You found it on level 3 of the Elven Halls)
 32146 | Elf:3    | Identified the cursed +3 scimitar of Fedhas's Anger {drain,
                  | +Blink Stlth+} (You found it on level 3 of the Elven Halls)
 32747 | Elf:2    | Noticed a deep elf blademaster
 32769 | Elf:2    | Killed a deep elf blademaster
 32777 | Elf:2    | Received a gift from Trog
 32777 | Elf:2    | Reached XP level 18. HP: 153/153 MP: 6/18
 32793 | Elf:2    | Noticed Saint Roka
 33209 | Elf:2    | Killed Saint Roka
 33627 | Snake:2  | Bought a shiny plate armour for 754 gold pieces
 33627 | Snake:2  | Bought a shiny plate armour for 754 gold pieces
 33686 | Snake:2  | Received a gift from Trog
 34932 | Snake:3  | Noticed Kirke
 34942 | Snake:3  | Killed Kirke
 35309 | Snake:3  | Found Jazxec's Jewellery Shoppe.
 35309 | Snake:3  | Found Pofemepp's Gadget Shop.
 35310 | Snake:3  | Found Ujooskal's Gadget Shop.
 35587 | Snake:4  | Entered Level 4 of the Snake Pit
 35792 | Snake:4  | Noticed Agnes
 35808 | Snake:4  | Killed Agnes
 36010 | Snake:4  | Noticed Louise
 36035 | Snake:4  | Killed Louise
 36476 | Snake:4  | Received a gift from Trog
 36671 | Snake:4  | Reached XP level 19. HP: 163/163 MP: 6/19
 36696 | Snake:4  | Got a serpentine rune of Zot
 37114 | Vaults:1 | Entered Level 1 of the Vaults
 37198 | Vaults:1 | Found Piqush's Magic Scroll Emporium.
 37510 | Vaults:1 | Received a gift from Trog
 38653 | Vaults:2 | Received a gift from Trog
 39645 | Vaults:3 | Noticed Asterion
 39662 | Vaults:3 | Killed Asterion
 39943 | Vaults:3 | Noticed Margery
 39960 | Vaults:3 | Killed Margery
 40015 | Vaults:3 | Gained mutation: You are powered by pain. [demonic
                  | ancestry]
 40015 | Vaults:3 | Reached XP level 20. HP: 172/172 MP: 6/20
 40184 | Vaults:3 | Found a staircase to the Crypt.
 40212 | Vaults:3 | Received a gift from Trog
 40419 | Vaults:3 | Gained mutation: You are resistant to hostile enchantments.
                  | (MR+) [a neqoxec]
 40582 | Vaults:3 | Noticed Frederick
 40599 | Vaults:3 | Killed Frederick
 40661 | Vaults:3 | Found Qugoem's Distillery.
 40829 | Vaults:3 | Found a large runed translucent door.
 40829 | Vaults:3 | Found a large runed translucent door.
 40829 | Vaults:3 | Noticed Axuur's ghost (adept DrMo)
 40829 | Vaults:3 | Noticed Ecu Hasm's ghost (adept GnSk)
 41299 | Vaults:4 | Reached skill level 15 in Shields
 41782 | Vaults:4 | Received a gift from Trog
 43323 | Swamp:1  | Entered Level 1 of the Swamp
 43415 | Swamp:1  | Noticed Jorgrun
 43436 | Swamp:1  | Killed Jorgrun
 43451 | Swamp:1  | Identified Roxanne's Collected Works on the Rocks
 43451 | Swamp:1  | Noticed Roxanne
 43472 | Swamp:1  | Killed Roxanne
 43516 | Swamp:1  | Received a gift from Trog
 44199 | Swamp:2  | Reached XP level 21. HP: 167/181 MP: 7/21
 44288 | Swamp:2  | Noticed Nikola
 44323 | Swamp:2  | Killed Nikola
 45378 | Swamp:3  | Found a shimmering altar of Xom.
 45559 | Swamp:4  | Entered Level 4 of the Swamp
 46038 | Swamp:4  | Received a gift from Trog
 46100 | Swamp:4  | Found a blossoming altar of Fedhas.
 46117 | Swamp:4  | Found a basalt altar of Yredelemnul.
 46133 | Swamp:4  | Got a decaying rune of Zot
 47065 | Depths:1 | Entered Level 1 of the Depths
 47938 | Depths:1 | Received a gift from Trog
 48096 | Depths:1 | Found an iron altar of Okawaru.
 48318 | Depths:1 | Found a gateway to Hell.
 48409 | Depths:1 | Identified Dutul's Tome of Toxic Evil Secrets
 48687 | Depths:2 | Noticed the Enchantress
 48689 | Depths:2 | Reached XP level 22. HP: 189/189 MP: 7/22
 48704 | Depths:2 | Reached skill level 15 in Dodging
 48717 | Depths:2 | Killed the Enchantress
 48733 | Depths:2 | Received a gift from Trog
 48873 | Depths:2 | Found a gateway to a ziggurat.
 48938 | Depths:2 | Found a one-way gate to the infinite horrors of the Abyss.
 49323 | Depths:3 | Found a one-way gate leading to the halls of Pandemonium.
 49356 | Depths:3 | Noticed a golden dragon
 49370 | Depths:3 | Killed a golden dragon
 49833 | Depths:3 | Found a corrupted altar of Lugonu.
 50299 | Depths:4 | Noticed a golden dragon
 50303 | Depths:4 | Identified the +3 troll leather armour of the Barber
                  | Surgeon {Harm Regen+ Str+3}
 50313 | Depths:4 | Received a gift from Trog
 50336 | Depths:4 | Killed a golden dragon
 50419 | Depths:4 | Got a pair of warped boots
 50420 | Depths:4 | Identified the cursed -5 pair of boots of the Dice {rElec
                  | rPois} (You found it on level 4 of the Depths)
 50424 | Depths:4 | Identified Dounuth's Papyrus of Hexes
 50474 | Depths:4 | Found a runed translucent gate.
 50534 | Depths:4 | Noticed a juggernaut
 50540 | Depths:4 | Gained mutation: You are somewhat able to resist unholy
                  | torments (1 in 2 success). [demonic ancestry]
 50540 | Depths:4 | Reached XP level 23. HP: 196/196 MP: 7/23
 50556 | Depths:4 | Killed a juggernaut
 50582 | Depths:4 | Found a runed translucent gate.
 50582 | Depths:4 | Found a runed translucent gate.
 50595 | Depths:4 | Identified the +11 hand axe of Skirmishing {elec, Str+6
                  | Dex+9}
 50635 | Depths:4 | Got a crude scale mail
 50761 | Depths:4 | Acquired 925 gold pieces
 51256 | Depths:4 | Received a gift from Trog
 51593 | Depths:4 | Acquired a +1 cloak of magic resistance
 51689 | Depths:5 | Entered Level 5 of the Depths
 51981 | Depths:5 | Received a gift from Trog
 52063 | Depths:5 | Got an ancient mace {god gift}
 52064 | Depths:5 | Identified the +2 mace "Toreituz" {vorpal, rN++ Str+4}
                  | (Trog gifted it to you on level 5 of the Depths)
 52253 | Depths:5 | Found a gateway to a bazaar.
 52611 | Depths:5 | Found a gate to the Realm of Zot.
 53732 | Vaults:5 | Entered Level 5 of the Vaults
 53753 | Vaults:5 | Received a gift from Trog
 53754 | Vaults:5 | Found the +8 mithril axe "Arga" {speed, MR+}
 53781 | Vaults:5 | Noticed an ancient lich
 53793 | Vaults:5 | Reached XP level 24. HP: 177/197 MP: 23/23
 53801 | Vaults:5 | Killed an ancient lich
 54121 | Vaults:5 | Received a gift from Trog
 54128 | Vaults:5 | Got a silver rune of Zot
 54469 | Vaults:5 | Identified the Handbook of the Glacier and Moulding
 54804 | Vaults:5 | Received a gift from Trog
 55372 | Zot:1    | Entered Level 1 of the Realm of Zot
 55406 | Zot:1    | Noticed an orb of fire
 55408 | Zot:1    | Gained mutation: You are weak. (Str -2) [an orb of fire]
 55410 | Zot:1    | Gained mutation: You occasionally shout uncontrollably at
                  | your foes. [an orb of fire]
 55412 | Zot:1    | Gained mutation: Your body sometimes deteriorates upon
                  | taking damage. [an orb of fire]
 56107 | Crypt:1  | Entered Level 1 of the Crypt
 56700 | Crypt:1  | Received a gift from Trog
 57069 | Crypt:2  | Noticed Bai Suzhen
 57092 | Crypt:2  | Killed Bai Suzhen
 57093 | Crypt:2  | Reached XP level 25. HP: 187/210 MP: 7/23
 57104 | Crypt:2  | Noticed Xtahua
 57120 | Crypt:2  | Killed Xtahua
 57129 | Crypt:2  | Noticed Khufu
 57159 | Crypt:2  | Killed Khufu
 57174 | Crypt:2  | Found an ancient bone altar of Kikubaaqudgha.
 57424 | Crypt:2  | Found a huge runed gate.
 57424 | Crypt:2  | Found a huge runed gate.
 57424 | Crypt:2  | Found a huge runed gate.
 57424 | Crypt:2  | Found a huge runed gate.
 57424 | Crypt:2  | Found a huge runed gate.
 57424 | Crypt:2  | Found a huge runed gate.
 57424 | Crypt:2  | Found a huge runed gate.
 57425 | Crypt:2  | Found a huge runed gate.
 57426 | Crypt:2  | Found a huge runed gate.
 57426 | Crypt:2  | Found a huge runed gate.
 57427 | Crypt:2  | Found a huge runed gate.
 57473 | Crypt:2  | Found a huge runed gate.
 57473 | Crypt:2  | Found a huge runed gate.
 57473 | Crypt:2  | Found a huge runed gate.
 57473 | Crypt:2  | Found a huge runed gate.
 57475 | Crypt:2  | Found a huge runed gate.
 57475 | Crypt:2  | Found a huge runed gate.
 57478 | Crypt:2  | Found a huge runed gate.
 57479 | Crypt:2  | Found a huge runed gate.
 57497 | Crypt:2  | Found a huge runed gate.
 57497 | Crypt:2  | Found a huge runed gate.
 57497 | Crypt:2  | Found a huge runed gate.
 57497 | Crypt:2  | Found a huge runed gate.
 57527 | Crypt:2  | Found a huge runed gate.
 57528 | Crypt:2  | Found a huge runed gate.
 57537 | Crypt:2  | Found a huge runed gate.
 57537 | Crypt:2  | Found a huge runed gate.
 58055 | Crypt:2  | Noticed an ancient lich
 58055 | Crypt:2  | Noticed an ancient lich
 58055 | Crypt:2  | Noticed an ancient lich
 58056 | Crypt:2  | Noticed an ancient lich
 58071 | Crypt:2  | Killed an ancient lich
 58071 | Crypt:2  | Received a gift from Trog
 58335 | Crypt:2  | Killed an ancient lich
 58348 | Crypt:2  | Killed an ancient lich
 58408 | Crypt:2  | Killed an ancient lich
 58421 | Crypt:3  | Entered Level 3 of the Crypt
 58749 | Crypt:3  | Found an ancient bone altar of Kikubaaqudgha.
 58756 | Crypt:3  | Received a gift from Trog
 58786 | Crypt:3  | Found a basalt altar of Yredelemnul.
 58818 | Crypt:3  | Found the +7 great mace "Undeadhunter" {disrupt, rN+}
 58822 | Crypt:3  | Identified Casook's Guide on Calling
 58833 | Crypt:3  | Got a transparent marble ring
 58845 | Crypt:3  | Got a fine granite ring
 58845 | Crypt:3  | Got a wavering tin ring
 58847 | Crypt:3  | Identified the ring "Evuotimny" {rPois rF+ rN+} (You found
                  | it on level 3 of the Crypt)
 58848 | Crypt:3  | Identified the ring of Ru's Brutal Revenge {rN+ Dex+3
                  | Stlth+} (You found it on level 3 of the Crypt)
 58849 | Crypt:3  | Identified the ring "Voisietzuo" {rF++ rC- rN+ MR+ Dex+3}
                  | (You found it on level 3 of the Crypt)
 58850 | Crypt:3  | Acquired a manual of Evocations
 59295 | Crypt:3  | Found a large runed translucent door.
 59295 | Crypt:3  | Found a large runed translucent door.
 59298 | Crypt:3  | Noticed Onnun's ghost (veteran GrFi)
 59369 | Crypt:3  | Killed Onnun's ghost
 59369 | Crypt:3  | Reached XP level 26. HP: 215/220 MP: 7/23
 59519 | Crypt:3  | Found a staircase to the Tomb.
 59879 | Hell     | Entered the Vestibule of Hell
 59886 | Hell     | Noticed Murray
 59922 | Hell     | Killed Murray
 59978 | Hell     | Gained mutation: You are frail. (-10% HP) [a cacodemon]
 59983 | Hell     | Gained mutation: Scrolls take you a little longer to read.
                  | [a cacodemon]
 60038 | Hell     | Noticed Geryon
 60064 | Hell     | Killed Geryon
 60114 | Hell     | Reached skill level 10 in Evocations
 60363 | Orc:2    | Lost mutation: Your body sometimes deteriorates upon taking
                  | damage. [potion of mutation]
 60363 | Orc:2    | Lost mutation: You are frail. (-10% HP) [potion of
                  | mutation]
 60363 | Orc:2    | Lost mutation: Scrolls take you a little longer to read.
                  | [potion of mutation]
 60363 | Orc:2    | Gained mutation: You passively map a small area around you.
                  | [potion of mutation]
 60363 | Orc:2    | Gained mutation: You are robust. (+10% HP) [potion of
                  | mutation]
 60364 | Orc:2    | Lost mutation: You occasionally shout uncontrollably at
                  | your foes. [potion of mutation]
 60364 | Orc:2    | Lost mutation: You are robust. (+10% HP) [potion of
                  | mutation]
 60364 | Orc:2    | Lost mutation: You are weak. (Str -2) [potion of mutation]
 60364 | Orc:2    | Gained mutation: You are robust. (+10% HP) [potion of
                  | mutation]
 60364 | Orc:2    | Gained mutation: Your mind is acute. (Int +2) [potion of
                  | mutation]
 60364 | Orc:2    | Gained mutation: You are clumsy. (Dex -2) [potion of
                  | mutation]
 60364 | Orc:2    | Gained mutation: Your mind is very acute. (Int +4) [potion
                  | of mutation]
 60639 | Hell     | Received a gift from Trog
 60686 | Hell     | Found a gateway to the ashen valley of Gehenna.
 60768 | Hell     | Found a gateway to the decaying netherworld of Tartarus.
 60809 | Hell     | Found a gateway to the freezing wastes of Cocytus.
 60899 | Hell     | Found a gateway to the Iron City of Dis.
 60960 | Geh:1    | Entered Level 1 of Gehenna
 61329 | Geh:1    | Received a gift from Trog
 62371 | Geh:2    | Received a gift from Trog
 63134 | Geh:4    | Received a gift from Trog
 63256 | Dis:1    | Entered Level 1 of the Iron City of Dis
 63272 | Dis:1    | Gained mutation: Your melee attacks may debilitate your
                  | foes. [demonic ancestry]
 63272 | Dis:1    | Reached XP level 27. HP: 251/251 MP: 7/23
 63752 | Dis:2    | Received a gift from Trog
 64950 | Dis:4    | Received a gift from Trog
 65829 | Dis:6    | Received a gift from Trog
 65841 | Dis:6    | Found a burning altar of Makhleb.
 65856 | Dis:6    | Reached skill level 15 in Evocations
 66072 | Dis:7    | Entered Level 7 of the Iron City of Dis
 66275 | Dis:7    | Received a gift from Trog
 67014 | Dis:7    | Received a gift from Trog
 67420 | Dis:7    | Received a gift from Trog
 67596 | Dis:7    | Identified the +4 staff of Dispater
 67596 | Dis:7    | Noticed Dispater
 67643 | Dis:7    | Killed Dispater
 67733 | Dis:7    | Found the +7 great mace "Firestarter" {inner flame, rF++}
 67776 | Dis:7    | Got an iron rune of Zot
 67782 | Dis:7    | Got a sapphire hand axe
 67876 | Dis:7    | Identified the +5 hand axe "Ukay" {venom, rElec Str+3
                  | Dex-3} (You found it on level 7 of the Iron City of Dis)
 68398 | Geh:3    | Received a gift from Trog
 68872 | Geh:4    | Received a gift from Trog
 69817 | Geh:6    | Received a gift from Trog
 69953 | Geh:7    | Entered Level 7 of Gehenna
 70507 | Geh:7    | Received a gift from Trog
 70767 | Geh:7    | Identified the +7 sceptre of Asmodeus
 70767 | Geh:7    | Noticed Asmodeus
 70802 | Geh:7    | Killed Asmodeus
 70862 | Geh:7    | Found the +8 longbow "Zephyr" {speed, Dex+3 SInv}
 70869 | Geh:7    | Got an obsidian rune of Zot
 70871 | Geh:7    | Got an ichor-stained war axe
 70878 | Geh:7    | Identified Leree's Incunabulum of Bewitching Moulding
 71002 | Geh:7    | Reached skill level 15 in Armour
 71739 | Geh:7    | Received a gift from Trog
 71868 | Coc:1    | Entered Level 1 of Cocytus
 72879 | Coc:3    | Received a gift from Trog
 73065 | Coc:4    | Noticed an ancient lich
 73082 | Coc:4    | Killed an ancient lich
 73275 | Coc:6    | Received a gift from Trog
 73303 | Coc:6    | You fall into a shaft and drop 1 floor!
 73303 | Coc:7    | Entered Level 7 of Cocytus
 73669 | Coc:7    | Noticed Antaeus
 73710 | Coc:7    | Killed Antaeus
 74052 | Coc:7    | Got an icy rune of Zot
 74394 | Tar:1    | Entered Level 1 of Tartarus
 74700 | Tar:1    | Received a gift from Trog
 75432 | Tar:3    | Received a gift from Trog
 76413 | Tar:4    | Received a gift from Trog
 76876 | Tar:6    | You fall into a shaft and drop 1 floor!
 76876 | Tar:7    | Entered Level 7 of Tartarus
 76876 | Tar:7    | Noticed the Serpent of Hell
 76893 | Tar:7    | HP: 5/382 [the Serpent of Hell (15)]
 76893 | Tar:7    | Slain by a fire dragon

Illustrated notes

Levels and vault maps discovered:
D:1:      wheals_arrival_linesprint, layout_loops_ring
D:2:      layout_basic
D:3:      layout_loops_ring
D:4:      layout_gridville, vehumet_altar_wand_db
D:5:      layout_loops_ring, serial_shops, shop, fedhas_altar_4
D:6:      layout_basic, grunt_decor_arrowhead, kennysheep_cross_room
D:7:      layout_basic, nicolae_ashenzari_panopticon,
          minmay_temple_entry_antechambers, minmay_chambers_of_fives
D:8:      layout_cave_pods, nicolae_tso_carved_into_rock,
          nemelex_xobeh_ov_fountains_minmay, uniq_harold
D:9:      layout_irregular_city, lemuel_coloured_pillars_altar,
          chequers_temple_overflow_statue_of_worship, serial_shops, shop
D:10:     layout_irregular_city, david_lair_generic, david_orc_1_choice,
          minivault_16, bh_hangedman_babel_library
D:11:     layout_gridville
D:12:     layout_small_grid, uniq_sonja
D:13:     layout_small_grid, lightli_vaults_fourway_checkpoint, uniq_snorg
D:14:     layout_cave_pools
D:15:     hangedman_depths_entry_civil_slaughter, layout_irregular_city,
          roderic_cross_of_infinity, minmay_circle_x
Temple:   eino_wide_crystal_templ
Lair:1:   layout_hall_layers, infiniplex_staircase_pool_2, grunt_megastairs_5,
          uniq_joseph
Lair:2:   minmay_lair_venomous_thicket, layout_chaotic_city,
          minmay_snake_entry_six_corridors, minmay_lair_oklob_chamber
Lair:3:   layout_cave_shapes, skrybe_swamp_entry_bodies
Lair:4:   layout_misc_corridors, st_stairs_5, uniq_rupert
Lair:5:   layout_regular_city, dpeg_slime_entry_enclosed_altar, pf_torpor_hydra,
          uniq_josephine
Swamp:1:  layout_falls_marsh, nicolae_swamp_fairy_circle, uniq_jorgrun,
          uniq_roxanne
Swamp:2:  layout_basic_swamp, nicolae_swamp_round_clearing, uniq_nikola
Swamp:3:  layout_falls_marsh, nicolae_swamp_godswood
Swamp:4:  byrel_swamp_growth_death_and_undeath, layout_basic_swamp
Snake:1:  layout_gridlike, grunt_megastairs_2
Snake:2:  layout_layer_cave, serial_shops, nicolae_shop_stone,
          portal_ice_cave_entry_ice_statue_one, st_stairs_7, grunt_megastairs_4,
          serial_bayou_shore_a
Snake:3:  layout_cave_pods, minmay_shop_grove, uniq_kirke
Snake:4:  minmay_snake_end_coiled, layout_layer_cave, uniq_agnes, uniq_louise
Orc:1:    layout_caves, uniq_erolcha
Orc:2:    grunt_orc_community_town_hall, layout_caves,
          grunt_orc_community_big_house_1, grunt_orc_community_big_house_1,
          grunt_orc_community_house_2, grunt_orc_community_house_2,
          grunt_orc_community_house_2, grunt_orc_community_house_1,
          grunt_orc_community_house_1, nicolae_orc_lava_room
Elf:1:    minmay_shoctagon, layout_geoelf_octagon, minivault_28, drop_trap,
          nicolae_elf_big_sculpture_3, uniq_aizul
Elf:2:    layout_geoelf_octagon, uniq_saint_roka
Elf:3:    minmay_elf_hall_statues, layout_geoelf_castle, due_unseen_surprise
Vaults:1: nicolae_vaults_good_morning_starshine, nicolae_vaults_network_barrier,
          v_misc_33, v_misc_27, nicolae_vaults_sealed_display,
          ontoclasm_vaults_loading_screen, nicolae_vaults_stairing_the_circle,
          nicolae_vaults_shelves_hall, nicolae_vaults_alarming,
          nicolae_vaults_little_ls, ontoclasm_vaults_hangar,
          nicolae_vaults_asterisk, layout_vaults_maze, serial_shops, shop
Vaults:2: grunt_vaults_bifocal, grunt_vaults_hallway_short, v_alt_pattern_5,
          nicolae_vaults_inception_corners, ontoclasm_vaults_claustrophobia,
          v_misc_19, hangedman_vaults_impose, nicolae_vaults_rhombus_5,
          nicolae_vaults_gold_heap, layout_vaults_chaotic_city
Vaults:3: advil_vaults_ghost_guards, v_misc_26, minmay_crypt_entry_simple_box,
          v_rooms_5, ontoclasm_vaults_fault, vaults_standard_mumra_x,
          vaults_dpeg_hooks, vaults_room_grunt_arrival_ludios,
          layout_vaults_omnigrid, serial_shops, shop, uniq_frederick,
          uniq_asterion, uniq_margery
Vaults:4: v_misc_17, v_rooms_3, v_misc_19, nicolae_vaults_theta,
          vaults_dpeg_ring, nicolae_vaults_hallways_thing,
          nicolae_vaults_shelves_hall, ontoclasm_vaults_eye, v_misc_11,
          nicolae_vaults_network_quinsquares
          [nicolae_vaults_network_quincunx_subvault,
          nicolae_vaults_network_quincunx_subvault,
          nicolae_vaults_network_quincunx_subvault,
          nicolae_vaults_network_quincunx_subvault], st_spiral_rooms,
          layout_vaults_ring
Vaults:5
Crypt:1:  layout_chaotic_city, nicolae_crypt_soggy_tomb,
          serial_sigils_hangedman_scratch, chequers_big_river,
          grunt_crypt_arrival_guarded_gate
Crypt:2:  layout_gridlike, basic_altar, minivault_25, eino_tiny_chamber,
          door_vault, uniq_bai_suzhen, uniq_khufu, uniq_xtahua
Crypt:3:  lightli_unholy_cathedral, layout_chaotic_city,
          nicolae_tomb_entry_grand_gallery, ebering_ghost_disaster_area,
          serial_sigils_hangedman_shear
Depths:1: layout_cave_pools, hell_entry, okawaru_ov_weapons_minmay,
          minmay_multi_spiral
Depths:2: kennysheep_funnel, layout_cave_pools, enter_ziggurat_b,
          nicolae_abyss_entry_one_way_or_another, solitary_fountain, hell_entry,
          fake_guardian_serpent_vault, uniq_enchantress
Depths:3: due_chaos_kobolds, layout_cave_pools, pf_coc_iceberg,
          grunt_pan_entry_sceptre, minmay_misc_feat_four_crosses,
          minmay_mirror_moons_of_madness
Depths:4: minmay_the_grid_octo_2x2 [minmay_the_grid_octo_odd_swirl,
          minmay_the_grid_octo_teeth, minmay_the_grid_octo_empty,
          minmay_the_grid_octo_prize_star], layout_gridville, serial_glass,
          glass_columns_b, glass_columns_a, due_unseen_surprise,
          unseen_surprise_small, hangedman_abyss_or_decor_slice,
          abyss_entry_crystal, hell_entry, pandoras_box_mu,
          infiniplex_staircase_zigzag_1
Depths:5: lemuel_castle_with_subvaults [lemuel_castle_interior_carwin_3],
          layout_gridville, hell_entry, rand_demon_pan_entry_8, serial_shops,
          bzr_in_the_mist, serial_bayou_shore_b
Hell
Dis:1:    layout_gridville
Dis:2:    layout_jigsaw
Dis:3:    layout_subdivisions
Dis:4:    layout_gridville, hangedman_dis_decor_tower
Dis:5:    layout_gridville
Dis:6:    kennysheep_iron_temple, layout_jigsaw, lemuel_elevator
Dis:7:    dis_hangedman
Geh:1:    layout_gehenna_lava_caves
Geh:2:    layout_gehenna_pools_box
Geh:3:    layout_gehenna_pools_triple
Geh:4:    layout_gehenna_pools_triple, minmay_fire_ice_demons
Geh:5:    layout_gehenna_pools_box, nicolae_geh_single_fiery_grave
Geh:6:    layout_gehenna_lava_caves
Geh:7:    geh_grunt_pentagon
Coc:1:    layout_ice_bergs
Coc:2:    layout_ice_bergs
Coc:3:    layout_cocytus_water_paths
Coc:4:    layout_cocytus_water_paths
Coc:5:    layout_cocytus_water_paths
Coc:6:    layout_ice_bergs, lemuel_elevator
Coc:7:    coc_old
Tar:1:    layout_honeycomb
Tar:2:    layout_honeycomb
Tar:3:    layout_cathedral_of_symmetry, grunt_tartarus_stairs_gauntlet_trap
Tar:4:    layout_catacombs, nicolae_tar_cuneiform_heaven
Tar:5:    layout_catacombs
Tar:6:    layout_catacombs
Tar:7:    tar_grunt_cathedral
Zot:1:    layout_misc_corridors, st_single_dragon_hoard_1,
          nicolae_lava_and_water, grunt_ministairs_4, zot_minivault_4

Skill      XL: |  1  2  3  4  5  6  7  8  9 10 11 12 13 14 15 16 17 18 19 20 21 22 23 24 25 26 27 |
---------------+----------------------------------------------------------------------------------+-----
Axes           | 3 4 5 6 8 9 10 11 12 13 14 15 16 17 18 19 20 23 | 23.4
Armour         | 2 3 4 5 6 7 9 10 15 | 15.1
Fighting       | 4 5 6 7 9 10 11 12 13 14 15 16 17 18 19 20 21 25 | 25.0
Dodging        | 3 5 7 9 10 11 13 14 16 18 19 20 21 22 | 22.8
Evocations     | 1 4 6 8 9 12 17 | 17.7
Shields        | 1 4 6 7 9 10 12 13 14 15 16 18 20 21 22 25 | 25.2

Action                   |  1- 3 |  4- 6 |  7- 9 | 10-12 | 13-15 | 16-18 | 19-21 | 22-24 | 25-27 || total
-------------------------+-------+-------+-------+-------+-------+-------+-------+-------+-------++-------
Melee: Hand axe          |    97 |   154 |    81 |       |       |       |       |   805 |       ||  1137
       Headbutt          |       |    20 |    56 |   108 |   293 |   350 |   560 |   581 |  2265 ||  4233
       Broad axe         |       |       |    41 |       |   794 |  1071 |  1663 |   676 |  5404 ||  9649
       War axe           |       |       |   143 |   482 |   247 |       |       |       |       ||   872
       Staff             |       |       |       |       |       |       |       |       |     8 ||     8
Throw: Dart              |    13 |     4 |     9 |    20 |       |       |       |       |       ||    46
       Boomerang         |       |       |       |       |     1 |       |     3 |       |       ||     4
Invok: Berserk           |     1 |     8 |    10 |    25 |    13 |     9 |    10 |     8 |    17 ||   101
       Trog's Hand       |       |       |     4 |    19 |    10 |    21 |    17 |    16 |    37 ||   124
       Brothers in Arms  |       |       |       |       |     1 |       |       |     3 |     2 ||     6
 Abil: Evoke Blink       |       |       |       |     2 |       |       |       |       |       ||     2
       Evoke Flight      |       |       |       |       |       |       |     3 |       |       ||     3
Evoke: Wand              |       |       |     2 |     7 |    28 |     1 |     4 |       |       ||    42
       Lightning rod     |       |       |       |       |       |     5 |       |       |       ||     5
       Staff of Dispater |       |       |       |       |       |       |       |       |     2 ||     2
       Horn of Geryon    |       |       |       |       |       |       |       |       |     1 ||     1
       Phial of floods   |       |       |       |       |       |       |       |       |     1 ||     1
  Use: Potion            |       |     2 |     2 |     1 |       |     3 |       |     2 |     7 ||    17
       Scroll            |       |    13 |     4 |    19 |    13 |    10 |     7 |    17 |    15 ||    98
 Stab: Sleeping          |     2 |       |       |     2 |       |       |       |       |    21 ||    25
       Distracted        |       |       |       |     1 |       |       |     1 |     3 |     5 ||    10
       Petrifying        |       |       |       |     1 |       |       |       |       |       ||     1
Armor: Animal skin       |    21 |       |       |       |       |       |       |       |       ||    21
       Ring mail         |    10 |    66 |   153 |   142 |       |       |       |       |       ||   371
       Scale mail        |       |       |       |    20 |       |       |       |       |       ||    20
       Plate armour      |       |       |       |    62 |   334 |   203 |   374 |   127 |       ||  1100
       Skin              |       |       |       |    18 |       |       |       |       |    19 ||    37
       Fire dragon scale |       |       |       |       |       |       |       |    20 |   403 ||   423
       Gold dragon scale |       |       |       |       |       |       |       |       |   314 ||   314
Dodge: Dodged            |    52 |    97 |   191 |   330 |   487 |   350 |   723 |   579 |  1788 ||  4597
       Repelled          |       |       |       |       |    10 |    33 |    12 |    26 |    50 ||   131
Block: Buckler           |       |       |       |   130 |    74 |       |       |       |       ||   204
       Kite shield       |       |       |       |       |   758 |   902 |   729 |       |       ||  2389
       Reflection        |       |       |       |       |    67 |   118 |   155 |    59 |    66 ||   465
       Tower shield      |       |       |       |       |       |       |  1012 |  1549 |  6278 ||  8839

Table legend: (Time is in decaauts)
 A = Elapsed time spent in this place.
 B = Non-inter-level travel time spent in this place.
 C = Inter-level travel time spent in this place.
 D = Time resting spent in this place.
 E = Time spent auto-exploring this place.
 F = Levels seen in this place.
 G = Mean time per level.
                   A        B        C        D        E       F      G
               +--------+--------+--------+--------+--------+-----+--------+
         Total |  72679 |  65190 |   7489 |  12323 |  33349 |  78 |  931.8 |
       Dungeon |  20841 |  17636 |   3205 |   5494 |   8320 |  15 | 1389.4 |
        Temple |      5 |      2 |      3 |      0 |      2 |   1 |    5.0 |
          Lair |   5356 |   4822 |    534 |   1101 |   3097 |   5 | 1071.2 |
         Swamp |   3513 |   3337 |    176 |    523 |   2006 |   4 |  878.2 |
     Snake Pit |   6200 |   5565 |    635 |   1623 |   2739 |   4 | 1550.0 |
  Orcish Mines |   1790 |   1634 |    156 |    129 |   1032 |   2 |  895.0 |
   Elven Halls |   4359 |   4155 |    204 |    911 |   2052 |   3 | 1453.0 |
        Vaults |   6564 |   5797 |    767 |    267 |   3762 |   5 | 1312.8 |
         Crypt |   3443 |   3033 |    410 |    173 |   1667 |   3 | 1147.7 |
        Depths |   5905 |   5388 |    517 |   1016 |   2883 |   5 | 1181.0 |
          Hell |    813 |    613 |    200 |      0 |    196 |   1 |  813.0 |
           Dis |   4157 |   3978 |    179 |    295 |   2050 |   7 |  593.9 |
       Gehenna |   5193 |   4754 |    439 |    135 |   2307 |   7 |  741.9 |
       Cocytus |   1626 |   1578 |     48 |      3 |    146 |   7 |  232.3 |
      Tartarus |   2189 |   2180 |      9 |    206 |   1050 |   7 |  312.7 |
           Zot |     39 |     39 |      0 |      6 |      0 |   1 |   39.0 |
      Ice Cave |    678 |    678 |      0 |    437 |     34 |   1 |  678.0 |
               +--------+--------+--------+--------+--------+-----+--------+

Top non-repeatable levels by time:
    D:14: 2455 daAuts
 Snake:2: 2359 daAuts
Depths:5: 2017 daAuts
    D:12: 2015 daAuts
    D:13: 1966 daAuts
 Snake:1: 1875 daAuts
    D:10: 1862 daAuts
    D:15: 1816 daAuts
   Dis:7: 1719 daAuts
Vaults:3: 1718 daAuts
   Elf:1: 1573 daAuts
   Elf:3: 1506 daAuts
     D:7: 1492 daAuts
     D:9: 1429 daAuts
   Geh:7: 1392 daAuts
